 Dungeon Crawl Stone Soup version 0.26-a0-597-gb535b0901c (webtiles) character file.

Game seed: 7147503642148184575

20 Lanoc the Charlatan (level 3, -4/26 HPs)
             Began as a Formicid Artificer on Sept 11, 2020.
             Slain by a hobgoblin
             ... wielding a +0 club
              (5 damage)
             ... on level 3 of the Dungeon.
             The game lasted 00:01:13 (506 turns).

Lanoc the Charlatan (Formicid Artificer)             Turns: 506, Time: 00:01:13

Health: -4/26      AC:  3    Str: 16    XL:     3   Next: 0%
Magic:  3/3        EV: 11    Int: 10    God:
Gold:   0          SH:  0    Dex: 12    Spells: 2/2 levels left

rFire    . . .     SeeInvis +   a - +0 club
rCold    . . .     Faith    .   (no shield)
rNeg     . . .     Spirit   .   b - +0 leather armour
rPois    .         Reflect  .   (helmet unavailable)
rElec    .         Harm     .   (no cloak)
rCorr    .                      (no gloves)
MR       .....                  (no boots)
Stlth    +.........             (no amulet)
HPRegen  0.08/turn              (no ring)
MPRegen  0.08/turn              (no ring)

@: lethally poisoned (-4 -> -6)
A: permanent stasis, dig shafts and tunnels, four strong arms, antennae 3
a: Dig, Shaft Self


You were on level 3 of the Dungeon.
You visited 1 branch of the dungeon, and saw 3 of its levels.

Inventory:

Hand Weapons
 a - a +0 club (weapon)
Armour
 b - a +0 leather armour (worn)
Wands
 c - a wand of flame (12)
 d - a wand of enslavement (13)
 e - a wand of random effects (8)
Scrolls
 f - 2 scrolls of teleportation {unknown}
 g - a scroll of remove curse {unknown}
 h - a scroll of fear {unknown}
 i - 3 scrolls of identify {unknown}


   Skills:
 + Level 1.5 Fighting
 + Level 2.5 Armour
 + Level 1.2 Dodging
 - Level 1.2 Stealth
 * Level 3.7 Evocations


You had 2 spell levels left.
You didn't know any spells.
Your spell library was empty.

Dungeon Overview and Level Annotations

Branches:
Dungeon (2/15)

Altars:


Innate Abilities, Weirdness & Mutations

You cannot be hasted, slowed, berserked, paralysed or teleported.
You can dig through walls and to a lower floor.
Your four strong arms can wield two-handed weapons with a shield.
You have a pair of large antennae on your head. (SInv)


Message History

You fall into a shaft and drop 1 floor!
The shaft crumbles and collapses.
A hobgoblin comes into view. It is wielding a +0 club.
A goblin comes into view.
The hobgoblin hits you with a +0 club.
* * * LOW HITPOINT WARNING * * *
You closely miss the hobgoblin.
The goblin shouts!
You hear an angry hiss.
The hobgoblin barely misses you.
You hit the hobgoblin.
The hobgoblin is heavily wounded.
You feel sick.
A leopard gecko comes into view.
The hobgoblin hits you with a +0 club.
* * * LOW HITPOINT WARNING * * *
You aren't carrying any potions.
You hit the hobgoblin but do no damage.
The hobgoblin is heavily wounded.
The hobgoblin hits you with a +0 club.
You die...

{{
#####
....
#..#
#..#
#..#
#..#
#@.#
#g.#
#..#
#..#
#g.#
#.l#
#..#
#..#


You could see a leopard gecko, a hobgoblin and a goblin.

Vanquished Creatures
  An adder (D:2)
  A dart slug (D:1)
  A hobgoblin (D:2)
  2 jackals (D:1)
  A bat (D:1)
  A frilled lizard (D:1)
  2 kobolds
  A rat (D:1)
10 creatures vanquished.

Vanquished Creatures (collateral kills)
  A jackal (D:1)
1 creature vanquished.

Vanquished Creatures (others)
  A jackal (D:1)
1 creature vanquished.

Grand Total: 12 creatures vanquished

Notes
Turn   | Place    | Note
-------+----------+-------------------------------------------
     0 | D:1      | Lanoc the Formicid Artificer began the quest for the Orb.
     0 | D:1      | Reached XP level 1. HP: 15/15 MP: 1/1
    48 | D:1      | Reached skill level 1 in Dodging
    76 | D:1      | Reached XP level 2. HP: 7/21 MP: 2/2
   490 | D:2      | Reached XP level 3. HP: 26/26 MP: 3/3
   502 | D:2      | You fall into a shaft and drop 1 floor!
   505 | D:3      | HP: 1/26 [hobgoblin/+0 club (4)]
   506 | D:3      | Slain by a hobgoblin

Illustrated notes

Levels and vault maps discovered:
D:1:      heliophobic_arrival_enchanted_forest, layout_loops_ring,
          hangedman_decor_push, minmay_misc_feat_roman, minmay_curled_crystal
D:2:      layout_rooms, old_standard_altar, tso_oasis_becter
D:3:      layout_loops_ring, ebering_ghost_reflecting_pool,
          kennysheep_minor_cross, uniq_terence

Skill      XL: |  1 |
---------------+----+-----
Dodging        | 1 |  1.2
Fighting       | |  1.5
Armour         | |  2.5
Stealth        | |  1.2
Evocations     | |  3.7

Action                   || total
-------------------------++-------
Melee: Club              ||    35
Evoke: Wand              ||    12
Armor: Leather armour    ||    10
Dodge: Dodged            ||    33

Table legend: (Time is in decaauts)
 A = Elapsed time spent in this place.
 B = Non-inter-level travel time spent in this place.
 C = Inter-level travel time spent in this place.
 D = Time resting spent in this place.
 E = Time spent auto-exploring this place.
 F = Levels seen in this place.
 G = Mean time per level.
                   A        B        C        D        E       F      G
               +--------+--------+--------+--------+--------+-----+--------+
         Total |    515 |    510 |      5 |      0 |    401 |   3 |  171.7 |
       Dungeon |    515 |    510 |      5 |      0 |    401 |   3 |  171.7 |
               +--------+--------+--------+--------+--------+-----+--------+

Top non-repeatable levels by time:
     D:1: 482 daAuts
     D:2: 28 daAuts
     D:3: 4 daAuts
